 Dungeon Crawl Stone Soup version 0.31-a0-115-g4708a659fe (webtiles) character file.

Game seed: 7134685411703723274

3936 avis the Sneak (level 10, -23/82 HPs)
             Began as an Octopode Transmuter on May 29, 2023.
             Was an Initiate of Gozag.
             Killed from afar by an efreet (34 damage)
             ... with a bolt of fire
             ... on level 8 of the Dungeon on May 30, 2023.
             The game lasted 00:55:52 (7464 turns).

avis the Sneak (Octopode Transmuter)                Turns: 7464, Time: 00:55:53

Health: -23/82     AC:  6    Str: 17    XL:     10   Next: 21%
Magic:  13/16      EV: 14    Int: 15    God:    Gozag
Gold:   730        SH:  0    Dex: 22    Spells: 7/17 levels left

rFire   x . .        a - melded +5 dagger
rCold   + + +        (shield currently unavailable)
rNeg    . . .        E - melded +1 hat
rPois   +            k - amulet of regeneration
rElec   .            i - +6 ring of strength
rCorr   .            m - +6 ring of dexterity
SInv    .            o - ring of willpower
Will    +....        (no ring)
Stlth   ++++         (no ring)
HPRegen 1.13/turn    (no ring)
MPRegen 0.15/turn    (no ring)
                     (no ring)

%: no passive effects
@: ice-form
A: freezing attack, boosted hp, almost no armour, amphibious, 8 rings, large,
(camouflage 1), (gelatinous body 1), (nimble swimmer 1), (tentacles)
a: End Transformation, Renounce Religion, Potion Petition, Call Merchant, Bribe
Branch


You were on level 8 of the Dungeon.
You worshipped Gozag.
Gozag was pleased with you.
You were a creature of crystalline ice.
You visited 2 branches of the dungeon, and saw 9 of its levels.
You also visited: Sewer and Ossuary.

You collected 907 gold pieces.
You paid 177 gold pieces to Gozag.

Inventory:

Hand Weapons
 a - a +5 dagger (melded)
 b - a +0 sling
 l - a +0 orcbow
 s - a +1 short sword of protection
 u - a +2 dagger of electrocution
 D - a +2 halberd of protection
Missiles
 g - 4 boomerangs (quivered)
 y - a silver boomerang
Armour
 E - a +1 hat (melded)
Jewellery
 i - a +6 ring of strength (left front paw)
 k - an amulet of regeneration (around neck)
 m - a +6 ring of dexterity (right front paw)
 o - a ring of willpower (on tentacle)
 w - an amulet of faith
 C - an amulet of the acrobat
Wands
 h - a wand of charming (7)
Scrolls
 n - a scroll of vulnerability {unknown}
 p - 6 scrolls of teleportation
 q - a scroll of identify
 r - a scroll of blinking
 v - a scroll of fear
 F - a scroll of magic mapping
Potions
 c - 2 potions of magic
 d - 2 potions of cancellation
 e - 2 potions of lignification
 f - 2 potions of mutation
 j - 2 potions of haste
 t - a potion of enlightenment
 x - 3 potions of curing
 z - a potion of attraction {unknown}
 A - 2 potions of brilliance
 B - a potion of degeneration {unknown}


   Skills:
 * Level 6.8 Fighting
 * Level 6.8 Dodging
 + Level 6.9 Stealth
 * Level 6.7 Unarmed Combat
 - Level 4.0 Spellcasting
 - Level 5.0 Transmutations
 - Level 4.0 Ice Magic
 - Level 2.0 Poison Magic


You had 7 spell levels left.
You knew the following spells:

 Your Spells              Type           Power      Damage    Failure   Level
a - Beastly Appendage     Tmut           36%        N/A       2%          1
e - Wereblood             Tmut           18%        N/A       3%          2
p - Spider Form           Tmut/Pois      13%        N/A       13%         3
q - Ice Form              Ice/Tmut       16%        N/A       28%         4

Your spell library contained the following spells:

 Spells                   Type           Power      Damage    Failure   Level
 Lesser Beckoning         Tloc           6%         N/A       26%         2
 Gell's Gravitas          Tloc           3%         N/A       47%         3
 Teleport Other           Tloc           3%         N/A       47%         3


Dungeon Overview and Level Annotations

Branches:
Dungeon (8/15)             Temple (1/1) D:5            Lair (0/5) D:8
  Sewer (visited)         Ossuary (visited)

Altars:
Ashenzari
Cheibriados
Dithmenos
Elyvilon
Fedhas
Gozag
Hepliaklqana
Kikubaaqudgha
Makhleb
Nemelex Xobeh
Okawaru
Qazlal
Ru
Sif Muna
Trog
Uskayaw
Vehumet
Wu Jian
Xom
Yredelemnul
Zin
The Shining One

Shops:
D:1 [   D:6 :


Innate Abilities, Weirdness & Mutations

You are a creature of crystalline ice.
You have a powerful freezing melee attack.
Your maximum health is increased.
Your armour is entirely melded.
You are incapable of wielding weapons or throwing items.
You cannot wear most types of armour.
You are amphibious.
You can wear up to eight rings at the same time.
((Your skin changes colour to match your surroundings (Stealth+).))
((Your rubbery body absorbs attacks. (AC +1, EV +1)))
((You are camouflaged when in or above water. (Stealth+)))
((You have tentacles for arms and can constrict up to eight enemies at once.))


Message History

The efreet moves out of view.
A steam dragon comes into view.
Casting: Ice Form (dangerous; 28% risk of failure)
Confirm with . or Enter, or press ? or * to list all spells.
You miscast Ice Form.
You are very lightly contaminated with residual magic.
You feel a strange surge of energy.
You start resting.
Magic restored.
You start waiting.
Your magical contamination has completely faded away.
Casting: Ice Form (dangerous; 28% risk of failure)
Confirm with . or Enter, or press ? or * to list all spells.
You turn into a creature of crystalline ice.
Your +5 dagger melds into your body.
Your +1 hat melds into your body.
The helpless steam dragon fails to defend itself.
You hit the steam dragon. You freeze the steam dragon.
The steam dragon is lightly wounded.
The steam dragon breathes steam at you. The ball of steam hits you!!
The steam scalds you terribly!
You hear a shout! x3
You punch the steam dragon! You freeze the steam dragon.
The steam dragon is almost dead.
You are engulfed in a cloud of scalding steam.
A gnoll comes into view. It is wielding a +0 halberd.
The steam dragon barely misses you.
The steam dragon claws you but does no damage.
The efreet gestures at you. The bolt of fire hits you!!!
The fire burns you terribly!
* * * LOW HITPOINT WARNING * * *
You hit the steam dragon but do no damage.
The steam dragon is almost dead.
You are engulfed in a cloud of scalding steam.
* * * LOW HITPOINT WARNING * * *
The steam dragon misses you.
The steam dragon claws you but does no damage.
The efreet gestures at you. The bolt of fire hits you!!
The fire burns you terribly!
You die...
Your body crumbles into a pile of gold.

...#... .. ..#....
### .. ..##. .###.
R###. ..#.###.#.
.#.## .#...#...#
#...#
.#...#...#####...#
.#...#...#...#...#
..#.###.#.....#.###.#
..##...###...###Y.g#
#.....## ####...D###
#####.........####
###########


You could see an efreet, a steam dragon and a gnoll.

Vanquished Creatures
  A tengu warrior (D:8)
  A two-headed ogre (D:8)
  A gargoyle (D:8)
  A wyvern (D:7)
  2 water moccasins
  3 orc warriors
  Pargi (Sewer)
  4 sky beasts
  A black bear (D:6)
  An ice beast (D:5)
  A centaur (D:7)
  A gnoll sergeant (D:5)
  A scorpion (D:7)
  5 killer bees (D:7)
  A howler monkey (D:8)
  2 jellies (D:6)
  2 hounds
  A gnoll bouda (D:8)
  An orc priest (D:4)
  2 iguanas
  A sleepcap (D:6)
  6 orc wizards
  8 mummies (Ossuary)
  6 gnolls
  5 adders
  A river rat (D:5)
  2 white imps
  A worm (D:3)
  24 orcs
  6 ball pythons
  4 endoplasms
  2 gnoll zombies (Ossuary)
  7 goblins
  3 hobgoblins
  A jackal (Sewer)
  2 kobolds
  5 quokkas
  2 bats
  2 frilled lizards
  3 hobgoblin zombies (Ossuary)
  A kobold zombie (Ossuary)
  2 orc zombies (Ossuary)
  6 rats
133 creatures vanquished.

Notes
Turn   | Place    | Note
-------+----------+-------------------------------------------
     0 | D:1      | avis the Octopode Transmuter began the quest for the Orb.
     0 | D:1      | Reached XP level 1. HP: 13/13 MP: 3/3
    76 | D:1      | Found Jimis's Armour Emporium.
   571 | D:2      | Reached XP level 2. HP: 19/19 MP: 3/5
   609 | D:2      | Reached skill level 1 in Stealth
   681 | D:2      | Found a broken altar of Ashenzari.
   729 | D:2      | Reached XP level 3. HP: 24/24 MP: 6/6
   732 | D:2      | Learned a level 2 spell: Wereblood
   736 | D:2      | Learned a level 3 spell: Spider Form
   911 | D:2      | Found a faded altar of an unknown god.
  1782 | D:3      | Reached skill level 1 in Poison Magic
  1782 | D:3      | Reached XP level 4. HP: 25/29 MP: 4/7
  2244 | D:3      | Reached XP level 5. HP: 4/34 MP: 7/9
  2924 | D:4      | Found a bloodstained altar of Trog.
  3077 | D:4      | You fall into a shaft and drop 3 floors!
  3083 | D:6      | Noticed an orc warrior
  3103 | D:6      | Noticed a water moccasin
  3499 | D:6      | Noticed a black bear
  3508 | D:6      | Killed a black bear
  3509 | D:6      | Reached XP level 6. HP: 19/42 MP: 3/10
  3597 | D:6      | Learned a level 4 spell: Ice Form
  3659 | D:6      | HP: 2/63 [water moccasin (6)]
  3669 | D:6      | Killed a water moccasin
  3670 | D:6      | Reached XP level 7. HP: 7/46 MP: 11/11
  3836 | D:5      | Entered Level 5 of the Dungeon
  3913 | D:5      | Found a staircase to the Ecumenical Temple.
  3920 | Temple   | Entered the Ecumenical Temple
  3960 | D:5      | Found a glowing drain.
  3968 | Sewer    | Entered a sewer
  4013 | Sewer    | Noticed Pargi
  4025 | Sewer    | Killed Pargi
  4156 | D:5      | Found a sand-covered staircase.
  4161 | Ossuary  | Entered an ossuary
  5085 | D:5      | Reached XP level 8. HP: 54/54 MP: 8/12
  5573 | Temple   | Became a worshipper of Gozag Ym Sagoz the Greedy
  6417 | D:6      | Found Ogreh's Tremendous Tomes.
  6588 | D:7      | Reached skill level 5 in Fighting
  6588 | D:7      | Reached skill level 5 in Dodging
  6588 | D:7      | Reached skill level 5 in Stealth
  6588 | D:7      | Reached skill level 5 in Unarmed Combat
  6621 | D:7      | Reached XP level 9. HP: 61/61 MP: 12/14
  6832 | D:7      | Reached skill level 5 in Transmutations
  7155 | D:8      | Found a staircase to the Lair.
  7176 | D:8      | Noticed a two-headed ogre
  7183 | D:8      | HP: 1/61 [two-headed ogre/+0 giant spiked club (14)]
  7186 | D:8      | Killed a two-headed ogre
  7244 | D:8      | Noticed a tengu warrior
  7302 | D:8      | Killed a tengu warrior
  7303 | D:8      | Reached XP level 10. HP: 52/69 MP: 11/16
  7349 | D:8      | Noticed a gargoyle
  7359 | D:8      | Killed a gargoyle
  7464 | D:8      | Killed from afar by an efreet

Illustrated notes

Levels and vault maps discovered:
D:1:      amcnicky_arrival_single_pillar, layout_basic, serial_shops,
          nicolae_shop_trees
D:2:      layout_basic, basic_altar, ebering_ecumenical_altar_box
D:3:      layout_basic
D:4:      layout_basic, mainiacjoe_overflow_boulevard
D:5:      layout_loops_ring, minmay_temple_entry_tees, enter_ossuary_2,
          gup_sewer_entry_bubbles, lightli_minifort
D:6:      layout_basic, dreamdust_princess_corridor,
          nicolae_shop_i_like_big_books, serial_bayou_pond_e,
          nrook_mini_backslash
D:7:      layout_rooms
D:8:      nicolae_cairo_tiling, layout_rooms, lair_entry_dummy, kb_rosetta
Temple:   kilobyte_greek_temple

Skill      XL: |  1  2  3  4  5  6  7  8  9 |
---------------+----------------------------+-----
Fighting       | 2 3 5 6 |  6.8
Stealth        | 2 3 5 6 |  6.9
Poison Magic   | 1 2 |  2.0
Spellcasting   | 3 4 |  4.0
Transmutations | 3 4 5 |  5.0
Dodging        | 3 5 6 |  6.8
Ice Magic      | 2 4 |  4.0
Unarmed Combat | 5 6 |  6.7

Action                     |  1- 3 |  4- 6 |  7- 9 | 10-12 || total
---------------------------+-------+-------+-------+-------++-------
  Melee: Unarmed           |    21 |    50 |   213 |    14 ||   298
         Tentacles         |     7 |     3 |     9 |       ||    19
         Dagger            |    23 |    47 |    27 |       ||    97
         Kick              |     3 |     2 |     4 |       ||     9
         Constrict         |     5 |     4 |     9 |       ||    18
         Punch             |       |     1 |       |       ||     1
  Throw: Boomerang         |     3 |       |     3 |       ||     6
   Cast: Beastly Appendage |    15 |     5 |     2 |       ||    22
         Spider Form       |     6 |    13 |    25 |       ||    44
         Ice Form          |       |       |     6 |     2 ||     8
Ability: End Transformatio |       |       |     1 |       ||     1
    Use: Potion            |       |     5 |     1 |       ||     6
         Scroll            |       |       |    13 |       ||    13
   Stab: Sleeping          |     6 |     6 |    10 |     1 ||    23
         Distracted        |       |       |     3 |       ||     3
 Armour: Skin              |     3 |    22 |    18 |     2 ||    45
  Dodge: Dodged            |    21 |    51 |   183 |     7 ||   262

Table legend: (Time is in decaauts)
 A = Elapsed time spent in this place.
 B = Non-inter-level travel time spent in this place.
 C = Inter-level travel time spent in this place.
 D = Time resting spent in this place.
 E = Time spent auto-exploring this place.
 F = Levels seen in this place.
 G = Mean time per level.
                   A        B        C        D        E       F      G
               +--------+--------+--------+--------+--------+-----+--------+
         Total |   7446 |   6961 |    485 |   1466 |   3136 |  11 |  676.9 |
       Dungeon |   6935 |   6485 |    450 |   1352 |   3102 |   8 |  866.9 |
        Temple |     98 |     63 |     35 |      0 |     34 |   1 |   98.0 |
         Sewer |    106 |    106 |      0 |      0 |      0 |   1 |  106.0 |
       Ossuary |    306 |    306 |      0 |    114 |      0 |   1 |  306.0 |
               +--------+--------+--------+--------+--------+-----+--------+

Top non-repeatable levels by time:
     D:6: 1621 daAuts
     D:5: 1156 daAuts
     D:2: 993 daAuts
     D:3: 982 daAuts
     D:1: 646 daAuts
     D:7: 599 daAuts
     D:4: 547 daAuts
     D:8: 389 daAuts
 Ossuary: 306 daAuts
   Sewer: 106 daAuts
  Temple: 98 daAuts
